 Dungeon Crawl Stone Soup version 0.20.1-1-g8b1a95d (webtiles) character file.

5031 RKaid the Scholar of Death (level 10, -16/79 HPs)
             Began as a Mummy Necromancer on July 30, 2017.
             Was a Follower of Kikubaaqudgha.
             Demolished by Snorg (22 damage)
             ... on level 9 of the Dungeon on July 31, 2017.
             The game lasted 00:52:02 (13687 turns).

RKaid the Scholar of Death (Mummy Necromancer)     Turns: 13687, Time: 00:52:03

Health: -16/79     AC: 10    Str: 12    XL:     10   Next: 30%
Magic:  15/23      EV: 11    Int: 18    God:    Kikubaaqudgha [*.....]
Gold:   590        SH:  0    Dex: 12    Spells: 6/28 levels left

rFire    x . .     SeeInvis .   a - +5 mace (protect)
rCold    + . .     Gourm    .   (no shield)
rNeg     + + +     Faith    .   u - +3 leather armour
rPois    ∞         Spirit   .   j - +1 helmet
rElec    .         Reflect  .   c - +0 cloak
rCorr    +         Harm     .   (no gloves)
MR       +....                  B - +0 pair of boots
Stlth    +.........             (no amulet)
Regen    0.3/turn               F - ring of flight {+Fly}
MPRegen  0.2/turn               A - ring of resist corrosion

@: very slightly contaminated
A: no food or potions, fire vulnerability, cold resistance 1, negative energy
resistance 3, torment resistance, unbreathing
a: Receive Corpses, Renounce Religion, Evoke Flight


You were on level 9 of the Dungeon.
You worshipped Kikubaaqudgha.
Kikubaaqudgha was aware of your devotion.
You were not hungry.

You visited 2 branches of the dungeon, and saw 11 of its levels.

You collected 590 gold pieces.

Inventory:

Hand Weapons
 a - a +5 mace of protection (weapon)
   (You found it on level 5 of the Dungeon)
 b - a +0 hunting sling
   (You took it off a goblin on level 1 of the Dungeon)
 f - a +1 whip of flaming
   (You took it off Pikel on level 4 of the Dungeon)
 M - a +0 blowgun
   (You took it off a kobold on level 7 of the Dungeon)
Missiles
 h - 7 steel javelins (quivered)
 n - 37 sling bullets
 z - 4 needles of sleeping
 I - 2 throwing nets {=f}
 O - 44 poisoned needles
Armour
 c - a +0 cloak (worn)
   (You took it off Crazy Yiuf on level 3 of the Dungeon)
 j - a +1 helmet (worn)
   (You found it on level 1 of the Dungeon)
 u - a +3 leather armour (worn)
   (You took it off an orc on level 3 of the Dungeon)
 v - a +0 shield
   (You took it off a hobgoblin on level 2 of the Dungeon)
 B - a +0 pair of boots (worn)
   (You found it on level 3 of the Dungeon)
Magical Staves
 N - an uncursed staff of conjuration {!a}
   (You found it on level 5 of the Dungeon)
Jewellery
 p - an uncursed ring of ice {rC+, rF-}
   (You took it off a wight on level 7 of the Dungeon)
 A - a ring of resist corrosion (right hand)
   (You found it on level 3 of the Dungeon)
 F - a ring of flight (left hand) {+Fly}
   (You found it on level 5 of the Dungeon)
 Q - an uncursed amulet of magic regeneration {unknown}
   (You found it on level 9 of the Dungeon)
Wands
 q - a wand of iceblast (11/15)
   (You found it on level 8 of the Dungeon)
 y - a wand of flame (37/48)
   (You took it off Ijyb on level 3 of the Dungeon)
 D - a wand of digging (15/24)
   (You found it on level 9 of the Dungeon)
 G - a wand of iceblast (10/15)
   (You took it off Pikel on level 4 of the Dungeon)
 J - a wand of lightning (7/15)
   (You found it on level 7 of the Dungeon)
 K - a wand of flame (25/48)
   (You found it on level 7 of the Dungeon)
Scrolls
 e - a scroll of fear
 g - 2 scrolls of magic mapping {!r}
 k - a scroll of random uselessness {unknown}
 l - 3 scrolls of enchant armour
 m - 3 scrolls of fog
 o - a scroll of remove curse
 r - 2 scrolls of immolation {!r}
 s - 6 scrolls of recharging
 w - 4 scrolls of teleportation
 x - 3 scrolls of enchant weapon
 C - a scroll of amnesia {unknown}
 P - a scroll of vulnerability {unknown}
Books
 d - a book of Necromancy
 i - a book of Frost
   (You found it on level 9 of the Dungeon)
 t - a book of Callings
   (You found it on level 8 of the Dungeon)
 H - a book of Misfortune
   (You found it on level 6 of the Dungeon)
 L - a book of Minor Magic
   (You found it on level 5 of the Dungeon)
 R - Kikubaaqudgha's Catalogue of Unholy Secrets
   (Kikubaaqudgha gifted it to you on level 9 of the Dungeon)

   Spells                             Type                      Level
   a - Animate Skeleton               Necromancy                   1
   b - Pain                           Necromancy                   1
   c - Corpse Rot                     Necromancy                   2
   d - Vampiric Draining              Necromancy                   3
   e - Control Undead                 Necromancy                   4
Miscellaneous
 E - a fan of gales
   (You found it on level 9 of the Dungeon)


   Skills:
 + Level 7.5 Fighting
 - Level 1.5 Dodging
 - Level 1.5 Stealth
 + Level 9.5 Spellcasting
 + Level 2.7 Hexes
 - Level 10.6 Necromancy
 - Level 2.0 Translocations


You had 6 spell levels left.
You knew the following spells:

 Your Spells              Type           Power        Failure   Level  Hunger
a - Pain                  Necr           ####         1%          1    N/A
b - Vampiric Draining     Necr           #####.....   1%          3    N/A
c - Confuse               Hex            ###.....     10%         3    N/A
d - Animate Dead          Necr           N/A          1%          4    N/A
A - Animate Skeleton      Necr           N/A          1%          1    N/A
B - Blink                 Tloc           N/A          7%          2    N/A
C - Control Undead        Necr           #####.....   1%          4    N/A
Y - Summon Lightning Spi  Summ/Air       #.......     71%         4    N/A

Dungeon Overview and Level Annotations

Branches:
Dungeon (10/15)            Temple (1/1) D:7
   Lair: D:8-11         Orc: D:9-12

Altars:
Ashenzari
Cheibriados
Dithmenos
Elyvilon
Fedhas
Gozag
Hepliaklqana
Kikubaaqudgha
Makhleb
Nemelex Xobeh
Okawaru
Qazlal
Ru
Sif Muna
Trog
Uskayaw
Vehumet
Xom
Yredelemnul
Zin
The Shining One

Shops:
D:7 (   D:8 %

Annotations:
D:4 exclusion: statue
D:8 exclusion: Maurice, Maurice
D:9 Snorg


Innate Abilities, Weirdness & Mutations

You do not eat or drink.
Your flesh is vulnerable to fire.
You are immune to poison.
Your flesh is cold resistant. (rC+)
You are immune to negative energy. (rN+++)
You are immune to unholy pain and torment.
You can survive without breathing.


Message History

Done exploring.
Done exploring.
Done exploring.
Done exploring. (m)acro, (M)acro raw, keymap [(k) default, (x) level-map, (t)argeting, (c)onfirm, m(e)nu], (s)ave?
Input macro trigger key: p Input macro action:
Okay, then.
Unknown command.
Unknown command.
Unknown command.
Done exploring.
There is a stone staircase leading down here.
You climb downwards.
You hear a splash.
Marking area around Snorg as unsafe for travelling.
A worker ant, 5 orcs, an orc wizard and Snorg come into view.
The orc wizard is wielding a vampiric dagger.
An orc is wielding an antimagic mace.
Snorg shouts!
The orc shouts! x3; The orc wizard shouts!
The worker ant twitches its antennae in your direction.
The orc shouts! x2
There is a stone staircase leading up here.
Press: ? - help, v - describe, . - travel
Here: Snorg The floor.
Unknown command.
Press: ? - help, v - describe, . - travel
Here: Snorg The floor.
Unknown command.
The orc wizard gestures at you while chanting.
You resist with almost no effort. Snorg misses you.
Snorg claws you but does no damage. Snorg completely misses you.
You climb upwards.
There is a stone staircase leading down here.
Press: ? - help, v - describe, . - travel
Here: Snorg The floor.
Casting: Pain
Confirm with . or Enter, or press ? or * to list all spells.
Aiming: Confuse
Press: ? - help, Shift-Dir - straight line, f - Snorg
Aim: Snorg (chance to defeat MR: 17%)
Okay, then.
Okay, then.
Kikubaaqudgha delivers you a corpse! Snorg bites you. Snorg barely misses you.
Snorg claws you.
Casting: Confuse
Confirm with . or Enter, or press ? or * to list all spells.
You call on the dead to rise...
The dead are crawling!
Snorg barely misses you. Snorg closely misses you.
Snorg claws you but does no damage.
You swap places.
Your giant cockroach zombie bites Snorg.
Your giant cockroach zombie bites Snorg.
You see here a meat ration.
Your giant cockroach zombie barely misses Snorg.
Snorg goes berserk!
Your giant cockroach zombie barely misses Snorg.
There is a stone staircase leading up here.
Casting: Animate Dead
Confirm with . or Enter, or press ? or * to list all spells.
Aiming: Confuse
Press: ? - help, Shift-Dir - straight line, f - Snorg
Aim: Snorg (berserk, fast, unusually strong, chance to defeat MR: 17%)
Okay, then.
Snorg rages.
You climb upwards.
Level annotation: exclusion: Maurice, Maurice
There is a stone staircase leading down here.
You start resting.
There is a stone staircase leading down here.
You climb downwards.
Level annotation: Snorg
There is a stone staircase leading up here.
You swap places.
Snorg goes berserk!
Snorg bites your giant cockroach zombie!
Your giant cockroach zombie is destroyed!
Snorg bites you. Snorg claws you. x2
Casting: Confuse
Confirm with . or Enter, or press ? or * to list all spells.
You blink.
Snorg rages.
Casting: Blink
Confirm with . or Enter, or press ? or * to list all spells.
You miscast Blink.
You are very lightly contaminated with residual magic.
You feel a wrenching sensation. Snorg closely misses you. Snorg claws you!
Snorg barely misses you. Snorg bites you! Snorg claws you!
* * * LOW HITPOINT WARNING * * *
Snorg claws you!
* * * LOW HITPOINT WARNING * * *
Casting: Blink
Confirm with . or Enter, or press ? or * to list all spells.
You blink.
Casting: Blink
Confirm with . or Enter, or press ? or * to list all spells.
You blink.
Snorg bites you!!
You die...
Kikubaaqudgha rasps: "You have failed me!
Welcome... oblivion!"

########## #........# #........#
###........#
##..........##########
#..#.#########§......#
..##.#########.......############
.........................>.......
.....###########@...###########..
.###.%.## ###T##.## ###.....# .#
###..# ##.§.##..####Z..##### .#
##.#####..........Z..### .#
###..##.....####.###### ##
##.....(...### #...# #
#..####..>## ###.# ####.## #..###
#.# .....#####....## #.#


You could see Snorg (berserk).

Vanquished Creatures
  Pikel (D:4)
  A hippogriff (D:8)
  Eustachio (D:6)
  Menkaure (D:5)
  A water moccasin (D:6)
  2 sky beasts
  4 ice beasts
  3 phantoms
  An ogre (D:7)
  3 centaurs
  A big kobold (D:7)
  2 bullfrogs
  A gnoll sergeant (D:8)
  4 killer bees
  5 wights
  2 vampire bats (D:5)
  3 crimson imps
  Crazy Yiuf (D:3)
  A bullfrog skeleton (D:9)
  A gnoll shaman (D:6)
  5 hounds
  2 orc priests
  3 orc wizards (D:5)
  2 centaur skeletons
  Ijyb (D:3)
  7 worker ants
  2 hound skeletons
  2 howler monkey zombies (D:7)
  11 gnolls
  A howler monkey skeleton (D:4)
  19 adders
  A shadow imp (D:8)
  2 dart slugs
  2 leopard geckos
  16 orcs
  3 ball pythons
  10 giant cockroaches
  9 goblins
  7 hobgoblins
  8 jackals
  9 kobolds
  5 quokkas
  13 bats
  4 frilled lizards
  A giant cockroach zombie (D:5)
  A jackal skeleton (D:7)
  A quokka zombie (D:7)
  8 rats
  A fungus (D:3)
195 creatures vanquished.

Vanquished Creatures (collateral kills)
  A two-headed ogre (D:9)
  The ghost of smzp the Cutter, a novice HaFi (D:5)
  Grinder (D:6)
  Sigmund (D:2)
  A wraith (D:5)
  A necrophage (D:9)
  An ogre (D:5)
  2 wights (D:6)
  A crimson imp (D:6)
  A bullfrog zombie (D:8)
  A jelly (D:8)
  A worker ant (D:9)
  A gnoll (D:8)
  2 adders (D:2)
  3 bats
  2 giant cockroaches
  A hobgoblin (D:2)
  2 jackals (D:1)
  A quokka (D:2)
  A kobold (D:2)
  2 rats
  A fungus (D:3)
29 creatures vanquished.

Grand Total: 224 creatures vanquished

Notes
Turn   | Place    | Note
-------+----------+-------------------------------------------
     0 | D:1      | RKaid the Mummy Necromancer began the quest for the Orb.
     0 | D:1      | Reached XP level 1. HP: 13/13 MP: 4/4
     5 | D:1      | Learned a level 1 spell: Animate Skeleton
   512 | D:1      | Reached XP level 2. HP: 13/20 MP: 1/5
   733 | D:1      | Reached skill level 3 in Spellcasting
  1652 | D:1      | Reached XP level 3. HP: 24/25 MP: 5/7
  1657 | D:1      | Learned a level 3 spell: Vampiric Draining
  1680 | D:2      | Noticed Sigmund
  1746 | D:2      | Reached skill level 1 in Fighting
  2062 | D:2      | Found a shimmering altar of Xom.
  2062 | D:2      | Found a shimmering altar of Xom.
  2063 | D:2      | Found a shimmering altar of Xom.
  2068 | D:2      | Reached XP level 4. HP: 32/32 MP: 2/9
  2069 | D:2      | Found a shimmering altar of Xom.
  2072 | D:2      | Found a shimmering altar of Xom.
  2080 | D:2      | Found a shimmering altar of Xom.
  2121 | D:2      | Found a shimmering altar of Xom.
  2148 | D:2      | Reached skill level 5 in Necromancy
  2512 | D:2      | Killed Sigmund
  2512 | D:2      | Reached skill level 2 in Fighting
  2512 | D:2      | Reached skill level 4 in Spellcasting
  2512 | D:2      | Reached XP level 5. HP: 31/39 MP: 0/11
  2548 | D:2      | Learned a level 4 spell: Animate Dead
  3545 | D:3      | Noticed Ijyb
  3554 | D:3      | Killed Ijyb
  3554 | D:3      | Reached XP level 6. HP: 46/46 MP: 6/12
  3612 | D:3      | Reached skill level 6 in Necromancy
  4300 | D:3      | Found a runed door.
  4323 | D:3      | Learned a level 4 spell: Control Undead
  4333 | D:3      | Noticed Crazy Yiuf
  4338 | D:3      | Killed Crazy Yiuf
  4736 | D:4      | Noticed a slave
  4737 | D:4      | Noticed Pikel
  4737 | D:4      | Noticed a slave
  4737 | D:4      | Noticed a slave
  4867 | D:3      | Reached skill level 3 in Fighting
  5102 | D:4      | Noticed a slave
  5122 | D:4      | Killed Pikel
  5122 | D:4      | Reached skill level 4 in Fighting
  5122 | D:4      | Reached skill level 5 in Spellcasting
  5122 | D:4      | Reached skill level 7 in Necromancy
  5122 | D:4      | Reached XP level 7. HP: 45/54 MP: 0/15
  5290 | D:4      | Found a radiant altar of Vehumet.
  5414 | D:5      | Entered Level 5 of the Dungeon
  5508 | D:5      | Reached skill level 6 in Spellcasting
  5815 | D:5      | Reached XP level 8. HP: 54/60 MP: 17/17
  5834 | D:5      | Found a snail-covered altar of Cheibriados.
  6038 | D:5      | Found a basalt altar of Yredelemnul.
  6043 | D:5      | Found a transporter.
  6054 | D:5      | Reached skill level 8 in Necromancy
  6073 | D:5      | Found a transporter.
  6073 | D:5      | Found an ancient bone altar of Kikubaaqudgha.
  6077 | D:5      | Noticed Menkaure
  6163 | D:5      | Noticed a dagger
  6164 | D:5      | Noticed a hand axe
  6359 | D:5      | Noticed smzp's ghost (novice HaFi)
  6362 | D:5      | Reached skill level 5 in Fighting
  6496 | D:5      | Killed smzp's ghost
  6496 | D:5      | Reached skill level 7 in Spellcasting
  6496 | D:5      | Reached skill level 9 in Necromancy
  6623 | D:5      | Found a hide-covered altar of Uskayaw.
  6643 | D:5      | Learned a level 2 spell: Blink
  6872 | D:5      | Reached skill level 1 in Translocations
  7270 | D:6      | Noticed Eustachio
  7291 | D:6      | Killed Eustachio
  7291 | D:6      | Reached XP level 9. HP: 53/69 MP: 10/20
  7659 | D:6      | Noticed Grinder
  7744 | D:6      | Reached skill level 6 in Fighting
  7744 | D:6      | Reached skill level 2 in Translocations
  8133 | D:6      | Reached skill level 8 in Spellcasting
  8829 | D:6      | Found a hazy altar of Hepliaklqana.
  9920 | D:6      | Paralysed by Grinder for 3 turns
  9925 | D:6      | Killed Grinder
  9925 | D:6      | Reached skill level 10 in Necromancy
 10241 | D:7      | Found a staircase to the Ecumenical Temple.
 10368 | Temple   | Entered the Ecumenical Temple
 10627 | D:5      | Became a worshipper of Kikubaaqudgha
 10641 | D:5      | Your ally died
 10818 | D:7      | Found a blossoming altar of Fedhas.
 11021 | D:7      | Found Boninnir's Antique Weapon Emporium.
 11043 | D:7      | Found a shattered altar of Ashenzari.
 11406 | D:8      | Reached skill level 7 in Fighting
 11500 | D:8      | Found a stormy altar of Qazlal.
 11510 | D:8      | Noticed Maurice
 11733 | D:8      | Found a bloodstained altar of Trog.
 11793 | D:8      | Found Qubbox's Food Shop.
 11897 | D:8      | Learned a level 4 spell: Summon Lightning Spire
 12023 | D:8      | Reached skill level 9 in Spellcasting
 12023 | D:8      | Reached XP level 10. HP: 79/79 MP: 18/23
 12225 | D:9      | Noticed a two-headed ogre
 12314 | D:9      | Learned a level 3 spell: Confuse
 12329 | D:9      | Found a white marble altar of Elyvilon.
 12422 | D:9      | Killed a two-headed ogre
 12422 | D:9      | Reached skill level 2 in Hexes
 12897 | D:9      | Reached * piety under Kikubaaqudgha
 12897 | D:9      | Identified Kikubaaqudgha's Catalogue of Unholy Secrets (Kikubaaqudgha gifted it to you on level 9 of the Dungeon)
 12897 | D:9      | Received a gift from Kikubaaqudgha
 13586 | D:10     | Entered Level 10 of the Dungeon
 13586 | D:10     | Noticed Snorg
 13684 | D:9      | HP: 5/79 [Snorg (15)]
 13687 | D:9      | Demolished by Snorg

Skill      XL: |  1  2  3  4  5  6  7  8  9 10 |
---------------+-------------------------------+-----
Spellcasting   | 3 4 5 6 7 9 |  9.5
Fighting       | 1 2 4 5 7 |  7.5
Necromancy     | 5 7 9 10 | 10.6
Translocations | 1 2 |  2.0
Hexes          | 2 |  2.7
Dodging        | |  1.5
Stealth        | |  1.5

Action                   |  1- 3 |  4- 6 |  7- 9 | 10-12 || total
-------------------------+-------+-------+-------+-------++-------
Melee: Club              |    17 |       |       |       ||    17
       Unarmed           |     6 |       |       |       ||     6
       Dagger            |     8 |       |       |       ||     8
       Whip              |       |    46 |   312 |       ||   358
       Mace              |       |       |   164 |    68 ||   232
 Fire: Hunting sling     |       |    11 |       |       ||    11
Throw: Javelin           |       |     5 |     3 |       ||     8
 Cast: Pain              |    66 |   118 |   142 |    33 ||   359
       Animate Skeleton  |    18 |    23 |    14 |     4 ||    59
       Vampiric Draining |       |     6 |    29 |    11 ||    46
       Animate Dead      |       |     1 |     7 |     5 ||    13
       Control Undead    |       |       |     6 |       ||     6
       Confuse           |       |       |       |     3 ||     3
       Blink             |       |       |       |     3 ||     3
Invok: Receive Corpses   |       |       |       |     1 ||     1
  Use: Scroll            |     2 |     8 |     6 |     1 ||    17
 Stab: Sleeping          |       |     1 |     1 |       ||     2
       Distracted        |       |       |     1 |       ||     1
Armor: Robe              |    18 |     5 |       |       ||    23
       Ring mail         |       |    10 |       |       ||    10
       Leather armour    |       |     4 |   292 |    77 ||   373
Dodge: Dodged            |    61 |    43 |   356 |    91 ||   551

Table legend:
 A = Turns spent in this place as a percentage of turns spent in the entire game.
 B = Non-inter-level travel turns spent in this place as a percentage of non-inter-level travel turns spent in the entire game.
 C = Inter-level travel turns spent in this place as a percentage of turns spent in this place.
 D = Turns resting spent in this place as a percentage of non-inter-level travel turns spent in this place.
 E = Turns spent auto-exploring this place as a percentage of non-inter-level travel turns spent in this place.
 F = Non-inter-level travel turns spent in this place divided by the number of levels of this place that you've seen.
                   A       B       C       D       E      F
               +-------+-------+-------+-------+-------+----------------------
         Total | 100.0 | 100.0 |   0.5 |   5.4 |   3.5 | 387.2
       Dungeon |  99.5 |  99.5 |   0.5 |   5.4 |   3.4 | 423.9
        Temple |   0.5 |   0.5 |   4.8 |   0.0 |  20.0 |  20.0
               +-------+-------+-------+-------+-------+----------------------

Table legend:
 A = Kills in this place as a percentage of kills in entire the game.
 B = Kills by you in this place as a percentage of kills by you in the entire game.
 C = Kills by friends in this place as a percentage of kills by friends in the entire game.
 D = Other kills in this place as a percentage of other kills in the entire game.
 E = Experience gained in this place as a percentage of experience gained in the entire game.
 F = Experience gained in this place divided by the number of levels of this place that you have seen.
                   A       B       C       D       E      F
               +-------+-------+-------+-------+-------+----------------------
         Total | 100.0 | 100.0 | 100.0 |  -nan | 100.0 | 653.5
       Dungeon | 100.0 | 100.0 | 100.0 |  -nan | 100.0 | 718.8
               +-------+-------+-------+-------+-------+----------------------
